 Dungeon Crawl Stone Soup version 0.22-a0-469-gf26638a (webtiles) character file.

18645 Darkshadow the Severer (level 12, -11/115 HPs)
             Began as a Minotaur Berserker on June 13, 2018.
             Was a High Priest of Trog.
             Mangled by a titanic slime creature (58 damage)
             ... on level 12 of the Dungeon.
             The game lasted 01:05:40 (14380 turns).

Darkshadow the Severer (Minotaur Berserker)        Turns: 14380, Time: 01:05:41

Health: -11/115    AC: 18    Str: 27    XL:     12   Next: 29%
Magic:  11/11      EV:  6    Int:  4    God:    Trog [*****.]
Gold:   459        SH: 11    Dex: 10    Spells: 11/11 levels left

rFire    + . .     SeeInvis +   a - +1 broad axe
rCold    . . .     Gourm    .   N - +0 shield (curse)
rNeg     . . .     Faith    .   C - +2 plate armour {rF+}
rPois    +         Spirit   .   (helmet restricted)
rElec    .         Reflect  .   P - +0 cloak
rCorr    .         Harm     .   k - +0 pair of gloves
MR       .....                  (no boots)
Stlth    ..........             (no amulet)
HPRegen  0.29/turn              v - ring of Ciekam {rPois SInv}
MPRegen  0.12/turn              D - +1 ring of protection

@: berserk cooldown, slowed, very slow
A: retaliatory headbutt, horns 2
a: Berserk, Trog's Hand, Brothers in Arms, Renounce Religion


You were on level 12 of the Dungeon.
You worshipped Trog.
Trog was extremely pleased with you.
You were near starving.

You visited 1 branch of the dungeon, and saw 12 of its levels.
You visited the Abyss 1 time.

You collected 635 gold pieces.
You spent 176 gold pieces at shops.

Inventory:

Hand Weapons
 a - a +1 broad axe (weapon)
 b - a +0 arbalest
 j - a +0 battleaxe
 l - a +4 great mace of draining
 n - a +0 mace
Missiles
 e - 15 bolts
 u - 2 throwing nets
 M - 4 poisoned javelins (quivered)
Armour
 k - a +0 pair of gloves (worn)
 p - a +1 scale mail
 r - a +0 animal skin
 C - a +2 plate armour of fire resistance (worn)
 E - a +0 plate armour of positive energy
 N - a cursed +0 shield (worn)
 P - a +0 cloak (worn)
Jewellery
 v - the ring of Ciekam (left hand) {rPois SInv}
   (You found it on level 8 of the Dungeon)

   [ring of see invisible]

   It protects you from poison.
   It lets you see invisible.
 A - an uncursed ring of stealth
 D - a +1 ring of protection (right hand)
 O - a +2 ring of dexterity
Wands
 m - a wand of flame (31)
 q - a wand of disintegration (11)
 K - a wand of iceblast (10)
 T - a wand of clouds (5)
Scrolls
 f - 4 scrolls of amnesia
 g - 2 scrolls of enchant weapon
 o - 7 scrolls of identify {@r1}
 s - 4 scrolls of remove curse {@r2}
 y - 3 scrolls of teleportation
 G - a scroll of magic mapping
 I - a scroll of enchant armour
 J - 2 scrolls of blinking
 S - a scroll of holy word {unknown}
Potions
 d - a potion of mutation
 h - 3 potions of heal wounds
 i - 5 potions of haste
 t - 4 potions of curing {@q1}
 w - a potion of resistance
 z - 3 potions of flight
 B - a potion of berserk rage
 F - a potion of magic
 H - a potion of lignification
 L - a potion of might
 Q - a potion of agility
Comestibles
 c - 27 rations


   Skills:
 + Level 13.3 Fighting
 * Level 17.2(17.3) Axes
 - Level 4.5(12.3) Maces & Flails
 - Level 5.6 Armour
 - Level 2.2 Dodging
 + Level 6.5 Shields


You had 11 spell levels left.
You didn't know any spells.
Your spell library was empty.

Dungeon Overview and Level Annotations

Branches:
Dungeon (12/15)            Temple (0/1) D:6            Lair (0/6) D:11
    Orc (0/2) D:10

Altars:
Dithmenos
Qazlal
Sif Muna
Xom
The Shining One

Shops:
D:6 %   D:7 !

Annotations:
D:10 exclusion: downstairs


Innate Abilities, Weirdness & Mutations

You reflexively headbutt those who attack you in melee.
You have a pair of horns on your head.


Message History

The very large slime creature is heavily wounded.
You block the very large slime creature's attack.
You hit the very large slime creature.
The very large slime creature is severely wounded.
You are too berserk!
You slice the very large slime creature!!
The very large slime creature is severely wounded.
Two slime creatures merge to form an enormous slime creature.
You are too berserk!
You feel a strong urge to attack something.
You feel your anger nearly subside.
You are no longer berserk.
You are exhausted.
You feel yourself slow down.
A slime creature comes into view.
Okay, then.
You feel much better. The enormous slime creature hits you!
Two slime creatures merge to form a titanic slime creature.
The titanic slime creature hits you!!!
Ouch! That really hurt!
You die...

######
#######....#
#######.....).##..
#.......#.###.####
#.#####...# #<#
#@# ##### #.# #J#
#.# #.# #.# #
########.# ####.#
# #.J....J.#
#....####
#.########
#.#.)....
#########...†####
........†....# #
........#########


You could see a titanic slime creature and a slime creature.

Vanquished Creatures
  5 two-headed ogres
  An unseen horror (D:12)
  An ugly thing (D:11)
  Maurice (D:11)
  Joseph (D:9)
  2 trolls (D:10)
  A hornet (D:9)
  A hippogriff (D:11)
  Sigmund (D:6)
  A shadow (D:12)
  16 yaks
  A wyvern (D:12)
  4 hogs (D:9)
  A human (D:9)
  Eustachio (D:6)
  2 vampire mosquitoes (D:12)
  A hungry ghost (D:9)
  2 wargs (D:11)
  A soldier ant (D:12)
  3 water moccasins
  11 orc warriors
  5 ice beasts
  A sky beast (D:9)
  A necrophage (D:12)
  3 black bears
  2 phantoms
  An eye of draining (D:12)
  6 ogres
  10 centaurs
  A crocodile (D:10)
  The ghost of phirt the Sneak, an amateur OpWz (D:3)
  7 big kobolds
  7 bullfrogs
  4 gnoll sergeants (D:10)
  3 scorpions
  10 killer bees
  4 wights
  A howler monkey (D:7)
  3 crimson imps
  3 centaur zombies
  5 jellies
  5 orc priests
  Crazy Yiuf (D:2)
  A quasit (D:8)
  2 bullfrog skeletons
  8 hounds
  13 orc wizards
  An iguana (D:12)
  9 worker ants
  A hound zombie (D:10)
  A worker ant zombie (D:9)
  7 gnolls
  21 adders
  3 shadow imps
  3 oozes
  An adder zombie (D:7)
  2 adder skeletons
  5 worms
  8 leopard geckos
  42 orcs
  4 giant cockroaches
  8 goblins
  11 hobgoblins
  9 jackals
  21 kobolds
  6 quokkas
  7 bats
  4 frilled lizards
  A jackal zombie (D:7)
  A leopard gecko skeleton (D:6)
  6 rats
348 creatures vanquished.

Vanquished Creatures (collateral kills)
  A hydra (D:11)
1 creature vanquished.

Grand Total: 349 creatures vanquished

Notes
Turn   | Place    | Note
-------+----------+-------------------------------------------
     0 | D:1      | Darkshadow the Minotaur Berserker began the quest for the Orb.
     0 | D:1      | Reached XP level 1. HP: 19/19 MP: 0/0
   262 | D:1      | Found a glowing golden altar of the Shining One.
   462 | D:1      | Reached XP level 2. HP: 22/27 MP: 1/1
  1297 | D:2      | Reached XP level 3. HP: 19/33 MP: 2/2
  1481 | D:2      | Reached ** piety under Trog
  1481 | D:2      | Reached skill level 1 in Axes
  1768 | D:2      | Found a runed door.
  2148 | D:2      | Noticed Crazy Yiuf
  2153 | D:2      | Cast into level 1 of the Abyss (Crazy Yiuf)
  2167 | D:2      | Escaped the Abyss
  2169 | D:2      | Killed Crazy Yiuf
  2169 | D:2      | Reached skill level 2 in Axes
  2169 | D:2      | Reached XP level 4. HP: 32/41 MP: 0/3
  2323 | D:3      | Reached skill level 3 in Axes
  2382 | D:3      | Noticed a water moccasin
  2394 | D:3      | Killed a water moccasin
  2394 | D:3      | Reached skill level 5 in Fighting
  2394 | D:3      | Reached skill level 4 in Axes
  2394 | D:3      | Reached XP level 5. HP: 31/48 MP: 4/4
  2732 | D:3      | Noticed phirt's ghost (amateur OpWz)
  2786 | D:3      | Killed phirt's ghost
  2786 | D:3      | Reached skill level 5 in Axes
  2786 | D:3      | Reached XP level 6. HP: 40/56 MP: 5/5
  3195 | D:4      | Found a shimmering altar of Xom.
  3237 | D:4      | Reached skill level 6 in Axes
  3259 | D:4      | Reached *** piety under Trog
  3282 | D:4      | Reached XP level 7. HP: 60/63 MP: 6/6
  3350 | D:4      | Reached skill level 7 in Axes
  3852 | D:5      | Entered Level 5 of the Dungeon
  3920 | D:5      | Reached skill level 8 in Axes
  4151 | D:5      | Reached XP level 8. HP: 63/73 MP: 7/7
  4234 | D:5      | Reached skill level 9 in Axes
  4497 | D:5      | Found a stormy altar of Qazlal.
  4500 | D:5      | Noticed an air elemental
  4771 | D:6      | Found Wyatziy's Food Boutique.
  4800 | D:6      | Noticed Eustachio
  4811 | D:6      | Killed Eustachio
  4925 | D:6      | Found a deep blue altar of Sif Muna.
  4952 | D:6      | Reached skill level 10 in Axes
  5461 | D:6      | Noticed Sigmund
  5637 | D:6      | Found a staircase to the Ecumenical Temple.
  5841 | D:6      | Killed Sigmund
  5841 | D:6      | Reached XP level 9. HP: 82/82 MP: 8/8
  6048 | D:7      | Reached skill level 11 in Axes
  6324 | D:7      | Reached **** piety under Trog
  6396 | D:7      | Found Plog's Distillery.
  6422 | D:7      | Bought a potion of heal wounds for 80 gold pieces
  6422 | D:7      | Bought a potion of lignification for 48 gold pieces
  6422 | D:7      | Bought a potion of curing for 48 gold pieces
  7028 | D:7      | Found a shimmering altar of Xom.
  7058 | D:7      | Reached skill level 12 in Axes
  7206 | D:8      | Noticed a two-headed ogre
  7404 | D:8      | Reached skill level 10 in Fighting
  7693 | D:8      | Reached skill level 13 in Axes
  7892 | D:8      | Killed a two-headed ogre
  7892 | D:8      | Reached XP level 10. HP: 94/94 MP: 9/9
  8051 | D:8      | Reached ***** piety under Trog
  8652 | D:8      | Got a transparent jade ring
  9393 | D:9      | Noticed Joseph
  9410 | D:9      | Killed Joseph
  9410 | D:9      | Reached skill level 14 in Axes
  9730 | D:9      | Found a shadowy altar of Dithmenos.
 10365 | D:10     | Entered Level 10 of the Dungeon
 10490 | D:10     | Reached skill level 5 in Armour
 11089 | D:10     | Found a staircase to the Orcish Mines.
 11098 | D:10     | Received a gift from Trog
 11102 | D:10     | Reached XP level 11. HP: 104/104 MP: 10/10
 11106 | D:10     | Reached skill level 15 in Axes
 11864 | D:11     | Noticed a four-headed hydra
 11938 | D:11     | Reached skill level 1 in Shields
 12304 | D:11     | Identified the ring of Ciekam {rPois SInv} (You found it on level 8 of the Dungeon)
 12319 | D:11     | Noticed a cyan ugly thing
 12338 | D:11     | Killed a cyan ugly thing
 12436 | D:11     | Found a staircase to the Lair.
 12467 | D:11     | Received a gift from Trog
 12557 | D:11     | Noticed a two-headed ogre
 12565 | D:11     | Killed a two-headed ogre
 12565 | D:11     | Reached skill level 16 in Axes
 12985 | D:11     | Noticed Maurice
 12995 | D:11     | Killed Maurice
 13183 | D:11     | Noticed a two-headed ogre
 13193 | D:11     | Killed a two-headed ogre
 13579 | D:11     | Killed a five-headed hydra
 13579 | D:11     | Reached skill level 5 in Shields
 13763 | D:12     | Reached XP level 12. HP: 111/113 MP: 11/11
 13775 | D:12     | Noticed a two-headed ogre
 13781 | D:12     | Killed a two-headed ogre
 13952 | D:12     | Reached skill level 17 in Axes
 13961 | D:12     | Noticed a two-headed ogre
 13972 | D:12     | Killed a two-headed ogre
 14380 | D:12     | Mangled by a titanic slime creature

Vault maps used:
D:1:      dpeg_arrival_ternary, tso_metal_star
D:2:      first_ration, minivault_4, minmay_misc_feat_chi,
          small_statue_intersection, uniq_crazy_yiuf_cottage
D:4:      xom_teletrap_fun
D:5:      nicolae_qazlal_style_of_elements
D:6:      kennysheep_little_box, temple_statues, gup_sewer_entry_bubbles,
          serial_shops, shop, uniq_eustachio, uniq_sigmund
D:7:      kennysheep_mini_moat, serial_shops, shop
D:9:      grunt_dithmenos_smoke_and_mirrors, grunt_livestock,
          hangedman_decor_push, dk_noncrumbling_4, uniq_joseph
D:10:     kennysheep_orc_monster_closet_entryway
D:11:     erik_lair_orcish_takeover, uniq_maurice

Skill      XL: |  1  2  3  4  5  6  7  8  9 10 11 12 |
---------------+-------------------------------------+-----
Maces & Flails | 4 |  4.5
Fighting       | 4 5 6 7 8 10 11 12 13 | 13.3
Axes           | 2 4 5 6 8 10 13 14 16 17 | 17.2
Armour         | 5 |  5.6
Shields        | 5 6 |  6.5
Dodging        | |  2.2

Action                   |  1- 3 |  4- 6 |  7- 9 | 10-12 || total
-------------------------+-------+-------+-------+-------++-------
Melee: Mace              |    38 |       |       |       ||    38
       Headbutt          |     8 |     9 |    30 |    94 ||   141
       Broad axe         |    19 |    49 |   167 |   447 ||   682
 Fire: Arbalest          |       |    61 |    83 |    56 ||   200
Throw: Stone             |     4 |       |     1 |     1 ||     6
       Javelin           |       |       |       |    43 ||    43
Invok: Trog's Hand       |     1 |       |     1 |     1 ||     3
       Berserk           |       |     2 |     4 |     7 ||    13
       Brothers in Arms  |       |       |       |     1 ||     1
  Use: Scroll            |       |       |    15 |     5 ||    20
       Potion            |       |       |       |     1 ||     1
  Eat: Chunk             |     2 |     4 |    18 |    14 ||    38
       Ration            |       |     1 |       |     4 ||     5
Armor: Animal skin       |    20 |       |       |       ||    20
       Scale mail        |     2 |    36 |    99 |    33 ||   170
       Plate armour      |       |       |       |   215 ||   215
Dodge: Dodged            |    44 |    49 |   134 |   140 ||   367
Block: Shield            |       |       |       |   110 ||   110

Table legend:
 A = Spawn XP
 B = Non-spawn XP
 C = Spawn XP percentage of total XP
 D = Spawn monster count
 E = Non-spawn monster count
 F = Spawn count percentage of total count
 G = Total turns spent on level
                    A         B        C        D         E        F      G
               +---------+---------+-------+---------+---------+-------+---------
         Total |       0 |   26636 |   0.0 |       0 |     349 |   0.0 | 14380
               +---------+---------+-------+---------+---------+-------+---------
           D:1 |       0 |      18 |   0.0 |       0 |      11 |   0.0 |   903
           D:2 |       0 |      91 |   0.0 |       0 |      20 |   0.0 |  1294
           D:3 |       0 |     357 |   0.0 |       0 |      32 |   0.0 |   869
           D:4 |       0 |     627 |   0.0 |       0 |      19 |   0.0 |   772
           D:5 |       0 |     619 |   0.0 |       0 |      15 |   0.0 |   981
           D:6 |       0 |    1142 |   0.0 |       0 |      23 |   0.0 |  1230
           D:7 |       0 |    1578 |   0.0 |       0 |      39 |   0.0 |  1611
           D:8 |       0 |    2276 |   0.0 |       0 |      39 |   0.0 |  1459
           D:9 |       0 |    3130 |   0.0 |       0 |      31 |   0.0 |  1232
          D:10 |       0 |    2720 |   0.0 |       0 |      35 |   0.0 |  1557
          D:11 |       0 |    7705 |   0.0 |       0 |      56 |   0.0 |  1721
          D:12 |       0 |    6373 |   0.0 |       0 |      29 |   0.0 |   737
               +---------+---------+-------+---------+---------+-------+---------
